 Dungeon Crawl Stone Soup version 0.23-a0-550-g7de1f8e (webtiles) character file.

2864 aurelian the Arsonist (level 9, -1/68 HPs)
             Began as a Naga Fire Elementalist on Dec 8, 2018.
             Was a Follower of Ru.
             Slain by a killer bee (5 damage)
             ... on level 8 of the Dungeon.
             The game lasted 00:20:36 (11742 turns).

aurelian the Arsonist (Naga Fire Elementalist)     Turns: 11742, Time: 00:20:36

Health: -1/68      AC:  4    Str: 10    XL:     9   Next: 75%
Magic:  5/17       EV: 10    Int: 19    God:    Ru [*.....]
Gold:   244        SH:  4    Dex: 14    Spells: 11/19 levels left

rFire    . . .     SeeInvis +   a - +11 rapier "Rikkol" {pierce, rPois Dex+2}
rCold    . . .     Gourm    .   C - +0 buckler (curse)
rNeg     . . .     Faith    .   q - +0 robe
rPois    +         Spirit   .   (no helmet)
rElec    .         Reflect  .   (no cloak)
rCorr    .         Harm     .   (no gloves)
MR       +....                  (no barding)
Stlth    ++........             (no amulet)
HPRegen  0.21/turn              (no ring)
MPRegen  0.15/turn              (no ring)

@: lethally poisoned (-1 -> -2), very slow
A: large, see invisible, deformed body, poison resistance, slowness 2, slow
metabolism 1, spit poison 1, missing an eye, AC +3
a: Spit Poison, Renounce Religion


You were on level 8 of the Dungeon.
You worshipped Ru.
Ru was aware of your devotion.
You were hungry.

You visited 1 branch of the dungeon, and saw 8 of its levels.

You collected 475 gold pieces.
You spent 231 gold pieces at shops.

Inventory:

Hand Weapons
 a - the +11 rapier "Rikkol" (weapon) {pierce, rPois Dex+2}
   (You found it on level 6 of the Dungeon)

   It inflicts extra damage upon your enemies.
   It affects your dexterity (+2).
   It protects you from poison.
 b - a +2 hand crossbow of freezing
   (You found it on level 7 of the Dungeon)
 i - a +0 quarterstaff of protection
   (You took it off a goblin on level 2 of the Dungeon)
 l - a +0 short sword
   (You took it off a kobold on level 1 of the Dungeon)
 D - a +0 dagger of venom
   (You took it off an orc wizard on level 6 of the Dungeon)
 F - a +0 hunting sling
   (You took it off a goblin on level 3 of the Dungeon)
 L - a +0 war axe of flaming
   (You found it on level 8 of the Dungeon)
Missiles
 g - 48 sling bullets (quivered)
 j - 176 stones
 G - 43 bolts
Armour
 q - a +0 robe (worn)
 z - a +0 large shield
   (You found it on level 6 of the Dungeon)
 C - a cursed +0 buckler (worn)
   (You found it on level 6 of the Dungeon)
Magical Staves
 K - an uncursed staff of summoning
   (You found it on level 8 of the Dungeon)
Jewellery
 v - an uncursed amulet of regeneration {unknown}
   (You found it on level 4 of the Dungeon)
 y - a +3 ring of strength {unknown}
   (You found it on level 5 of the Dungeon)
Wands
 u - a wand of paralysis (1)
   (You took it off Ijyb on level 2 of the Dungeon)
Scrolls
 d - a scroll of random uselessness {unknown}
 f - 3 scrolls of enchant weapon {unknown}
 h - 5 scrolls of teleportation {unknown}
 m - a scroll of amnesia {unknown}
 n - a scroll of fear {unknown}
 r - a scroll of noise {unknown}
 t - 5 scrolls of remove curse {@r2}
 I - a scroll of blinking {unknown}
 J - a scroll of acquirement {unknown}
Potions
 k - 4 potions of curing {@q1}
 o - 2 potions of lignification {!q}
 p - 3 potions of haste {@q3}
 s - a potion of flight
 w - a potion of brilliance
 x - a potion of berserk rage
 A - 2 potions of agility
 B - 2 potions of heal wounds {@q2}
 E - a potion of might
 H - 3 potions of magic
Comestibles
 e - 11 rations {!d}


   Skills:
 - Level 1.5 Dodging
 - Level 3.0 Stealth
 - Level 2.4 Shields
 + Level 5.5 Spellcasting
 * Level 8.1 Conjurations
 * Level 8.6 Fire Magic


You had 11 spell levels left.
You knew the following spells:

 Your Spells              Type           Power        Failure   Level  Hunger
a - Flame Tongue          Conj/Fire      #####        1%          1    None
d - Conjure Flame         Conj/Fire      #####...     1%          3    ##.....
q - Sticky Flame          Conj/Fire      #####...     3%          4    ####...

Your spell library contained the following spells:

 Spells                   Type           Power        Failure   Level  Hunger
 Throw Flame              Conj/Fire      #####.       1%          2    None
 Inner Flame              Hex/Fire       ###.....     6%          3    ##.....
 Fireball                 Conj/Fire      #####.....   11%         5    #####..


Dungeon Overview and Level Annotations

Branches:
Dungeon (8/15)             Temple (0/1) D:6
   Lair: D:8-11

Altars:
Qazlal
Ru
Sif Muna
Wu Jian
Xom
Zin

Shops:
D:7 !

Annotations:
D:6 1 runed door


Innate Abilities, Weirdness & Mutations

You cannot wear boots.
Your serpentine skin is tough. (AC +3)
You have supernaturally acute eyesight. (SInv)
Armour fits poorly on your strangely shaped body.
Your system is resistant to poisons. (rPois)
You cover ground very slowly.
You have a slow metabolism.
You can spit poison.
You are missing an eye, making it more difficult to aim.


Message History

You closely miss the killer bee.
You feel sick.
The killer bee stings you but does no damage. x2
You puncture the killer bee!
You kill the killer bee!
You feel sick.
The killer bee stings you but does no damage.
You are too injured to fight recklessly!
Aim: a killer bee The flame tongue hits the killer bee.
The killer bee stings you.
* * * LOW HITPOINT WARNING * * *
The killer bee barely misses you.
Aim: a killer bee (lightly wounded)
The sticky flame hits the killer bee.
The killer bee is covered in liquid flames!
You feel sick.
You hear an angry buzzing noise.
The killer bee burns!
The killer bee stings you.
* * * LOW HITPOINT WARNING * * *
A killer bee comes into view.
You block the killer bee's attack.
You hear an angry buzzing noise.
The killer bee burns!
A killer bee comes into view.
You block the killer bee's attack. The killer bee barely misses you.
The killer bee moves out of view.
You feel sick.
The killer bee burns!
The killer bee stings you.
* * * LOW HITPOINT WARNING * * *
The killer bee closely misses you.
The killer bee burns!
You kill the killer bee!
The killer bee barely misses you.
Aim: a killer bee The sticky flame hits the killer bee.
The killer bee is covered in liquid flames!
You are feeling hungry.
You feel sick.
The killer bee burns!
The killer bee closely misses you. The killer bee completely misses you.
You block the killer bee's attack.
Unknown command.
Unknown command.
Aim: a killer bee The sticky flame hits the killer bee.
The killer bee is covered in liquid flames!
The killer bee burns! x2; The killer bee stings you.
* * * LOW HITPOINT WARNING * * *
The killer bee stings you.
* * * LOW HITPOINT WARNING * * *
The killer bee stings you!
* * * LOW HITPOINT WARNING * * *
The killer bee stings you.
You die...

.........### ##..........###
.........##............[....
............#.##....?....#
.........####............#
.........................#
.......#....###.###.######
.......#....# #..##.#
######......# ##.##.####
######....#.###.@y†....#
#................y.....#
#.........##...........#
..........####..........#
..........# ####.......#
#.........# #####...#
#.........# #### #.........#
#.........#


You could see 2 killer bees.

Vanquished Creatures
  Prince Ribbit (D:6)
  A hippogriff (D:8)
  2 hungry ghosts (D:8)
  A water moccasin (D:8)
  Duvessa (D:6)
  A black bear (D:6)
  2 ogres
  An ice beast (D:7)
  An orc warrior (D:6)
  3 centaurs
  2 bullfrogs
  Dowan (D:6)
  2 killer bees (D:8)
  4 wights
  5 howler monkeys (D:7)
  2 crimson imps
  A hound (D:6)
  3 orc priests
  Ijyb (D:2)
  An iguana (D:8)
  3 orc wizards
  5 worker ants
  A killer bee zombie (D:6)
  A hound skeleton (D:6)
  8 adders
  2 shadow imps
  An ooze (D:2)
  An adder skeleton (D:8)
  2 adder zombies
  A worm (D:2)
  4 dart slugs
  2 leopard geckos
  18 orcs
  A ball python (D:6)
  7 giant cockroaches
  14 goblins
  11 hobgoblins
  15 jackals
  2 quokkas
  5 bats
  6 frilled lizards
  10 kobolds
  11 rats
167 creatures vanquished.

Notes
Turn   | Place    | Note
-------+----------+-------------------------------------------
     0 | D:1      | aurelian the Naga Fire Elementalist began the quest for the
                  | Orb.
     0 | D:1      | Reached XP level 1. HP: 15/15 MP: 3/3
   534 | D:1      | Reached XP level 2. HP: 22/22 MP: 0/5
  1139 | D:1      | Reached XP level 3. HP: 14/28 MP: 4/6
  2396 | D:1      | Learned a level 3 spell: Conjure Flame
  2543 | D:2      | Reached XP level 4. HP: 35/36 MP: 3/7
  2986 | D:2      | Noticed Ijyb
  2995 | D:2      | Paralysed by Ijyb for 3 turns
  3002 | D:2      | Paralysed by Ijyb for 2 turns
  3005 | D:2      | Killed Ijyb
  3006 | D:2      | Reached XP level 5. HP: 39/42 MP: 0/9
  3386 | D:2      | Learned a level 4 spell: Sticky Flame
  3589 | D:3      | Found a stormy altar of Qazlal.
  4567 | D:4      | Reached XP level 6. HP: 49/49 MP: 4/10
  5319 | D:4      | Found a sacrificial altar of Ru.
  5433 | D:4      | You fall through a shaft!
  5433 | D:5      | Entered Level 5 of the Dungeon
  5651 | D:5      | Reached skill level 5 in Fire Magic
  6205 | D:4      | Became a worshipper of Ru the Awakened
  6265 | D:5      | Reached XP level 7. HP: 41/55 MP: 7/12
  7174 | D:6      | Found a staircase to the Ecumenical Temple.
  7193 | D:6      | Reached skill level 5 in Conjurations
  7327 | D:6      | Noticed Dowan
  7327 | D:6      | Noticed Duvessa
  7404 | D:6      | Killed Duvessa
  7485 | D:6      | Killed Dowan
  7607 | D:6      | Noticed Prince Ribbit
  7624 | D:6      | Killed Prince Ribbit
  7624 | D:6      | Reached skill level 1 in Shields
  7624 | D:6      | Reached XP level 8. HP: 55/62 MP: 6/14
  7939 | D:6      | Found a runed door.
  7964 | D:6      | Found a glowing silver altar of Zin.
  8192 | D:6      | Got a crystal rapier
  9684 | D:7      | Gained mutation: You are missing an eye, making it more
                  | difficult to aim. [Ru sacrifice]
  9684 | D:7      | Reached * piety under Ru
  9812 | D:7      | Found Tysoefoz's Distillery.
  9840 | D:7      | Bought a potion of heal wounds for 55 gold pieces
  9840 | D:7      | Bought a potion of agility for 44 gold pieces
  9840 | D:7      | Bought a potion of might for 44 gold pieces
  9840 | D:7      | Bought a potion of magic for 88 gold pieces
  9845 | D:7      | Found a deep blue altar of Sif Muna.
  9846 | D:7      | Found a shimmering altar of Xom.
  9859 | D:7      | Reached XP level 9. HP: 44/68 MP: 10/16
 10011 | D:7      | Found an ornate altar of the Wu Jian Council.
 10480 | D:8      | Reached skill level 5 in Spellcasting
 11701 | D:8      | Identified the +11 rapier "Rikkol" {pierce, rPois Dex+2}
                  | (You found it on level 6 of the Dungeon)
 11742 | D:8      | Slain by a killer bee

Vault maps used:
D:1:      onia_arrival_mini_maze_b
D:2:      kennysheep_the_goblin_king, first_ration
D:3:      marbit_many_paths
D:4:      lemuel_coloured_pillars_altar
D:6:      minmay_temple_entry_glass, basic_altar, lightli_church_of_beogh,
          uniq_duvessa, uniq_prince_ribbit1
D:7:      grunt_temple_overflow_open, serial_shops, shop
D:8:      serial_shops, shop, david_nohive_1

Skill      XL: |  1  2  3  4  5  6  7  8  9 |
---------------+----------------------------+-----
Conjurations   | 2 3 4 5 6 8 |  8.1
Fire Magic     | 4 5 6 7 8 |  8.6
Spellcasting   | 3 4 5 |  5.5
Shields        | 1 2 |  2.4
Dodging        | |  1.5
Stealth        | |  3.0

Action                   |  1- 3 |  4- 6 |  7- 9 || total
-------------------------+-------+-------+-------++-------
Melee: Unarmed           |     1 |       |       ||     1
       Short sword       |    30 |     8 |     5 ||    43
       Quarterstaff      |       |     1 |    33 ||    34
       Dagger            |       |       |    52 ||    52
       Rapier            |       |       |     6 ||     6
 Fire: Hunting sling     |       |    14 |     1 ||    15
       Hand crossbow     |       |       |    42 ||    42
 Cast: Flame Tongue      |    33 |    79 |   162 ||   274
       Sticky Flame      |       |       |     9 ||     9
Invok: Sacrifice an Eye  |       |       |     1 ||     1
 Abil: Spit Poison       |    27 |    45 |    27 ||    99
Evoke: Wand              |       |       |     1 ||     1
  Use: Scroll            |     2 |       |     6 ||     8
 Stab: Sleeping          |     1 |     1 |     1 ||     3
       Paralysed         |       |       |     7 ||     7
  Eat: Chunk             |     5 |    12 |     7 ||    24
       Ration            |       |       |     4 ||     4
Armor: Robe              |    13 |    12 |    68 ||    93
Dodge: Dodged            |    38 |    28 |   116 ||   182
Block: Buckler           |       |       |    34 ||    34

Table legend:
 A = Non-vault XP
 B = Vault XP
 C = Vault XP percentage of total XP
 D = Non-vault monster count
 E = Vault monster count
 F = Vault count percentage of total count
                 A         B        C        D         E       F
            +---------+---------+-------+---------+---------+-------
      Total |    3437 |     655 |  16.0 |     155 |      12 |   7.2
            +---------+---------+-------+---------+---------+-------
        D:1 |      79 |       1 |   1.2 |      38 |       1 |   2.6
        D:2 |      79 |      43 |  35.2 |      21 |       5 |  19.2
        D:3 |      69 |       1 |   1.4 |      21 |       1 |   4.5
        D:4 |     127 |       0 |   0.0 |       8 |       0 |   0.0
        D:5 |     292 |       0 |   0.0 |      19 |       0 |   0.0
        D:6 |     797 |     488 |  38.0 |      20 |       3 |  13.0
        D:7 |     837 |       0 |   0.0 |      18 |       0 |   0.0
        D:8 |    1157 |     122 |   9.5 |      10 |       2 |  16.7
            +---------+---------+-------+---------+---------+-------
